[ AOE2 MATCH · #461412416 ]
UnrankedBohemians vs Khitans
Player's team · LOSS
[ REPLAY ANALYSIS · EXTRACTED FROM THE RECORDED GAME ]
Feudal
11:20
Castle
14:54
Imperial
27:50
| APM avg | 31.2 |
| APM peak | 67 |
| eAPM avg | 16.5 |
| Villagers / military | 124 / 339 |
Focus
⚔️ 44.9% · 🌾 55.1%
Spearman ×229 · Hand Cannoneer ×93 · Bombard Cannon ×17
Feudal
10:05
Castle
13:44
Imperial
27:34
| APM avg | 47.8 |
| APM peak | 96 |
| eAPM avg | 28.7 |
| Villagers / military | 145 / 117 |
Focus
⚔️ 47.1% · 🌾 52.9%
Unknown (1920) ×154 · Scout Cavalry ×99 · Battering Ram ×9 · Monk ×6 · Unknown (1923) ×4 · Trebuchet (Packed) ×3
Feudal
11:34
Castle
16:05
Imperial
30:54
| APM avg | 55.8 |
| APM peak | 103 |
| eAPM avg | 30.5 |
| Villagers / military | 151 / 172 |
Focus
⚔️ 32.7% · 🌾 67.3%
Steppe Lancer ×159 · Scout Cavalry ×10 · Iron Pagoda ×2 · Trebuchet (Packed) ×1
Feudal
11:21
Castle
14:52
Imperial
26:40
| APM avg | 49.1 |
| APM peak | 106 |
| eAPM avg | 33.0 |
| Villagers / military | 164 / 191 |
Focus
⚔️ 62.5% · 🌾 37.5%
Archer ×141 · Skirmisher ×24 · Battering Ram ×17 · Trade Cart ×9 · Trebuchet (Packed) ×9
Feudal
9:41
Castle
13:13
Imperial
28:46
| APM avg | 55.0 |
| APM peak | 96 |
| eAPM avg | 33.3 |
| Villagers / military | 204 / 0 |
Focus
⚔️ 37.1% · 🌾 62.9%
Unknown (2562) ×141 · Trade Cart ×13
Feudal
8:51
Castle
17:53
Imperial
29:44
| APM avg | 55.5 |
| APM peak | 118 |
| eAPM avg | 39.0 |
| Villagers / military | 159 / 249 |
Focus
⚔️ 58.1% · 🌾 41.9%
Knight ×183 · Scout Cavalry ×59 · Trebuchet (Packed) ×3 · Battering Ram ×2 · Militia ×1 · Spearman ×1
Feudal
9:19
Castle
13:05
Imperial
27:15
| APM avg | 41.9 |
| APM peak | 86 |
| eAPM avg | 28.6 |
| Villagers / military | 212 / 142 |
Focus
⚔️ 36.3% · 🌾 63.7%
Archer ×115 · Skirmisher ×20 · Mangonel ×3 · Longbowman ×3 · Trebuchet (Packed) ×1
Feudal
11:45
Castle
15:16
Imperial
33:31
| APM avg | 76.4 |
| APM peak | 107 |
| eAPM avg | 35.0 |
| Villagers / military | 198 / 226 |
Focus
⚔️ 48.4% · 🌾 51.6%
Conquistador ×122 · Scout Cavalry ×97 · Trebuchet (Packed) ×5 · Petard ×2
Match map
Initial resources + every placement click. Lines = walls · curves = elevation contours. ◆ gold · ⬟ stone · ● berries · ✦ relic · ◌ wall gap
Your base· ✓ Closed at 14:54 · 0t walls · 2 gate(s)
GdR_Matteo's base· ✓ Closed at 13:44 · 0t walls · 2 gate(s)
Jack=Насаживатель's base· ✓ Closed at 16:05 · 6t walls · 1 gate(s)
GdR_Scranton Strangler's base· ✓ Closed at 14:52 · 0t walls · 2 gate(s)
TRMA | The_Beatleman's base· ✓ Closed at 13:13 · 0t walls · 2 gate(s)
GdR_HAMSTER's base· ✓ Closed at 17:53 · 1t walls · 2 gate(s)
Don_Maximiliano's base· ✓ Closed at 13:05 · 0t walls · 2 gate(s)
GdR_Polemos's base· ✓ Closed at 15:16 · 0t walls · 2 gate(s)
Smoothed initial terrain · ◌ = detected wall gap · hover for details
Inputs per minute
— Wintorez_v3.0.2 - - GdR_Matteo
Build order — Wintorez_v3.0.2
First 150 of 344 actions detected
| 0:00 | Create | Villager (Male) |
| 0:01 | Create | Villager (Male) |
| 0:02 | Build | House |
| 0:04 | Build | House |
| 0:25 | Create | Villager (Male) |
| 0:25 | Create | Villager (Male) |
| 0:25 | Create | Villager (Male) |
| 1:23 | Create | Villager (Male) |
| 1:23 | Create | Villager (Male) |
| 1:46 | Build | Lumber Camp |
| 1:55 | Create | Villager (Male) |
| 2:34 | Create | Villager (Male) |
| 2:34 | Create | Villager (Male) |
| 3:02 | Build | House |
| 3:26 | Create | Villager (Male) |
| 3:33 | Build | House |
| 3:45 | Create | Villager (Male) |
| 4:02 | Create | Villager (Male) |
| 4:24 | Build | Mill |
| 4:40 | Create | Villager (Male) |
| 4:40 | Create | Villager (Male) |
| 4:40 | Create | Villager (Male) |
| 4:41 | Create | Villager (Male) |
| 5:24 | Create | Villager (Male) |
| 5:25 | Create | Villager (Male) |
| 6:05 | Create | Villager (Male) |
| 6:33 | Create | Villager (Male) |
| 6:42 | Build | Farm |
| 6:43 | Build | Farm |
| 7:10 | Create | Villager (Male) |
| 7:10 | Create | Villager (Male) |
| 7:42 | Create | Villager (Male) |
| 7:42 | Create | Villager (Male) |
| 8:03 | Create | Villager (Male) |
| 8:31 | Build | Mining Camp |
| 8:49 | Build | House |
| 9:10 | Research | Feudal Age |
| 9:10 | Create | Villager (Male) |
| 9:11 | Create | Villager (Male) |
| 11:20 | Age | Feudal Age |
| 11:23 | Build | Market |
| 11:25 | Build | Blacksmith |
| 11:31 | Research | Double-Bit Axe |
| 12:14 | Research | Castle Age |
| 12:16 | Research | Horse Collar |
| 12:45 | Build | Farm |
| 12:47 | Build | Farm |
| 12:53 | Build | Farm |
| 14:06 | Create | Villager (Male) |
| 14:54 | Age | Castle Age |
| 15:05 | Build | Town Center |
| 15:10 | Build | Town Center |
| 15:13 | Build | Town Center |
| 15:16 | Create | Villager (Male) |
| 15:17 | Research | Bow Saw |
| 15:23 | Build | Farm |
| 15:26 | Build | Farm |
| 15:28 | Build | Farm |
| 15:52 | Create | Villager (Male) |
| 15:58 | Build | Farm |
| 16:02 | Build | Farm |
| 16:05 | Build | Farm |
| 16:07 | Create | Villager (Male) |
| 16:27 | Research | Wheelbarrow |
| 16:33 | Build | House |
| 16:35 | Create | Villager (Male) |
| 16:35 | Create | Villager (Male) |
| 16:44 | Build | Farm |
| 16:50 | Create | Villager (Male) |
| 16:53 | Build | Farm |
| 16:54 | Create | Villager (Male) |
| 16:54 | Create | Villager (Male) |
| 17:00 | Create | Villager (Male) |
| 17:02 | Build | Farm |
| 17:05 | Create | Villager (Male) |
| 17:12 | Build | Farm |
| 17:27 | Create | Villager (Male) |
| 17:37 | Build | House |
| 17:42 | Create | Villager (Male) |
| 17:44 | Build | Farm |
| 17:47 | Build | Farm |
| 17:49 | Build | Farm |
| 17:52 | Build | Farm |
| 17:53 | Create | Villager (Male) |
| 17:53 | Create | Villager (Male) |
| 17:56 | Build | Farm |
| 18:02 | Create | Villager (Male) |
| 18:07 | Create | Villager (Male) |
| 18:10 | Build | Farm |
| 18:13 | Build | House |
| 18:17 | Build | Farm |
| 18:17 | Create | Villager (Male) |
| 18:25 | Build | Farm |
| 18:27 | Build | Farm |
| 18:34 | Create | Villager (Male) |
| 18:34 | Create | Villager (Male) |
| 18:37 | Build | Farm |
| 18:41 | Build | Farm |
| 18:42 | Create | Villager (Male) |
| 18:43 | Build | House |
| 18:45 | Create | Villager (Male) |
| 18:49 | Create | Villager (Male) |
| 18:59 | Build | Farm |
| 19:02 | Build | Farm |
| 19:04 | Build | Farm |
| 19:07 | Create | Villager (Male) |
| 19:15 | Build | House |
| 19:16 | Create | Villager (Male) |
| 19:17 | Create | Villager (Male) |
| 19:19 | Create | Villager (Male) |
| 19:26 | Build | House |
| 19:27 | Create | Villager (Male) |
| 19:33 | Build | Farm |
| 19:34 | Build | Farm |
| 19:34 | Create | Villager (Male) |
| 19:36 | Build | Farm |
| 19:39 | Build | Farm |
| 19:40 | Build | House |
| 19:41 | Create | Villager (Male) |
| 19:41 | Create | Villager (Male) |
| 19:54 | Create | Villager (Male) |
| 19:55 | Create | Villager (Male) |
| 19:56 | Create | Villager (Male) |
| 20:09 | Create | Villager (Male) |
| 20:09 | Create | Villager (Male) |
| 20:12 | Build | Farm |
| 20:13 | Build | Farm |
| 20:16 | Build | House |
| 20:17 | Build | House |
| 20:18 | Create | Villager (Male) |
| 20:28 | Build | Farm |
| 20:31 | Create | Villager (Male) |
| 20:40 | Create | Villager (Male) |
| 20:43 | Build | Farm |
| 20:43 | Build | Farm |
| 20:44 | Build | Farm |
| 20:44 | Build | Farm |
| 20:51 | Create | Villager (Male) |
| 20:52 | Create | Villager (Male) |
| 20:53 | Create | Villager (Male) |
| 21:08 | Build | University |
| 21:10 | Build | Monastery |
| 21:14 | Build | House |
| 21:15 | Research | Hand Cart |
| 21:16 | Create | Villager (Male) |
| 21:19 | Create | Villager (Male) |
| 21:19 | Create | Villager (Male) |
| 21:24 | Create | Villager (Male) |
| 21:24 | Create | Villager (Male) |
| 21:27 | Build | House |
Build order — GdR_Matteo
First 150 of 602 actions detected
| 0:00 | Create | Villager (Male) |
| 0:02 | Build | House |
| 0:02 | Create | Villager (Male) |
| 0:04 | Build | House |
| 0:07 | Create | Villager (Male) |
| 0:12 | Create | Villager (Male) |
| 1:25 | Create | Villager (Male) |
| 1:47 | Build | Lumber Camp |
| 1:52 | Create | Villager (Male) |
| 2:13 | Create | Villager (Male) |
| 2:52 | Create | Villager (Male) |
| 3:02 | Create | Villager (Male) |
| 3:28 | Build | House |
| 3:34 | Create | Villager (Male) |
| 3:50 | Create | Villager (Male) |
| 3:54 | Build | Mill |
| 4:24 | Build | House |
| 4:29 | Create | Villager (Male) |
| 4:35 | Create | Villager (Male) |
| 5:00 | Create | Villager (Male) |
| 5:28 | Create | Villager (Male) |
| 5:53 | Create | Villager (Male) |
| 6:14 | Create | Villager (Male) |
| 6:34 | Create | Villager (Male) |
| 6:43 | Build | Pasture |
| 6:51 | Create | Villager (Male) |
| 7:39 | Build | Mining Camp |
| 7:42 | Research | Feudal Age |
| 9:06 | Create | Villager (Male) |
| 9:06 | Create | Villager (Male) |
| 10:05 | Age | Feudal Age |
| 10:08 | Build | Blacksmith |
| 10:11 | Build | Market |
| 10:36 | Build | House |
| 11:04 | Research | Castle Age |
| 11:18 | Build | House |
| 11:42 | Research | Double-Bit Axe |
| 11:58 | Research | Tech 1014 |
| 12:30 | Create | Villager (Male) |
| 13:14 | Build | Pasture |
| 13:44 | Age | Castle Age |
| 13:50 | Build | Town Center |
| 13:56 | Create | Villager (Male) |
| 14:17 | Build | Town Center |
| 14:22 | Create | Villager (Male) |
| 14:46 | Research | Bow Saw |
| 14:49 | Create | Villager (Male) |
| 15:10 | Create | Villager (Male) |
| 15:16 | Create | Villager (Male) |
| 15:24 | Create | Villager (Male) |
| 15:26 | Create | Villager (Male) |
| 15:32 | Build | Pasture |
| 15:36 | Create | Villager (Male) |
| 15:36 | Create | Villager (Male) |
| 15:45 | Create | Villager (Male) |
| 15:54 | Build | Pasture |
| 16:04 | Create | Villager (Male) |
| 16:08 | Build | Pasture |
| 16:16 | Create | Villager (Male) |
| 16:16 | Create | Villager (Male) |
| 16:31 | Build | Pasture |
| 16:34 | Create | Villager (Male) |
| 16:48 | Create | Villager (Male) |
| 16:51 | Build | Pasture |
| 16:59 | Create | Villager (Male) |
| 16:59 | Create | Villager (Male) |
| 17:01 | Build | Pasture |
| 17:10 | Create | Villager (Male) |
| 17:10 | Create | Villager (Male) |
| 17:17 | Create | Villager (Male) |
| 17:21 | Build | Pasture |
| 17:37 | Build | Pasture |
| 17:37 | Create | Villager (Male) |
| 17:45 | Build | House |
| 17:49 | Create | Villager (Male) |
| 17:53 | Build | Pasture |
| 17:57 | Create | Villager (Male) |
| 17:58 | Create | Villager (Male) |
| 17:59 | Build | House |
| 18:00 | Build | House |
| 18:15 | Create | Villager (Male) |
| 18:15 | Create | Villager (Male) |
| 18:21 | Create | Villager (Male) |
| 18:23 | Build | Monastery |
| 18:28 | Create | Villager (Male) |
| 18:29 | Create | Villager (Male) |
| 18:38 | Build | Pasture |
| 18:43 | Create | Villager (Male) |
| 19:07 | Create | Monk |
| 19:08 | Create | Villager (Male) |
| 19:08 | Create | Villager (Male) |
| 19:08 | Create | Villager (Male) |
| 19:21 | Research | Wheelbarrow |
| 19:32 | Build | House |
| 19:33 | Build | House |
| 19:34 | Create | Villager (Male) |
| 19:34 | Create | Villager (Male) |
| 19:39 | Create | Monk |
| 19:47 | Build | Mining Camp |
| 19:57 | Create | Villager (Male) |
| 19:57 | Create | Villager (Male) |
| 20:11 | Build | Town Center |
| 20:13 | Create | Villager (Male) |
| 20:25 | Build | Pasture |
| 20:26 | Create | Villager (Male) |
| 20:26 | Create | Villager (Male) |
| 20:27 | Create | Villager (Male) |
| 20:35 | Create | Villager (Male) |
| 20:36 | Create | Villager (Male) |
| 20:45 | Build | Pasture |
| 20:47 | Research | Town Watch |
| 21:00 | Create | Villager (Male) |
| 21:00 | Create | Villager (Male) |
| 21:03 | Build | House |
| 21:04 | Build | House |
| 21:20 | Create | Villager (Male) |
| 21:20 | Create | Villager (Male) |
| 21:27 | Build | Pasture |
| 21:29 | Create | Villager (Male) |
| 21:29 | Create | Villager (Male) |
| 21:38 | Create | Villager (Male) |
| 21:41 | Build | Pasture |
| 21:48 | Create | Monk |
| 21:58 | Create | Villager (Male) |
| 21:58 | Create | Villager (Male) |
| 22:01 | Build | Pasture |
| 22:05 | Build | Lumber Camp |
| 22:07 | Create | Villager (Male) |
| 22:18 | Create | Villager (Male) |
| 22:19 | Create | Villager (Male) |
| 22:30 | Build | House |
| 22:31 | Build | House |
| 22:31 | Create | Villager (Male) |
| 22:35 | Build | Outpost |
| 22:36 | Research | Loom |
| 22:40 | Build | Pasture |
| 22:42 | Create | Villager (Male) |
| 22:43 | Create | Villager (Male) |
| 22:49 | Build | Pasture |
| 22:59 | Build | Outpost |
| 23:00 | Create | Villager (Male) |
| 23:00 | Create | Villager (Male) |
| 23:04 | Build | Pasture |
| 23:04 | Create | Villager (Male) |
| 23:31 | Build | Siege Workshop |
| 23:34 | Create | Villager (Male) |
| 23:34 | Create | Villager (Male) |
| 23:42 | Build | House |
| 23:43 | Build | House |
| 23:45 | Build | House |
Build order — Jack=Насаживатель
First 150 of 409 actions detected
| 0:01 | Create | Villager (Male) |
| 0:02 | Create | Villager (Male) |
| 0:03 | Build | House |
| 0:05 | Build | House |
| 0:19 | Create | Villager (Male) |
| 0:20 | Create | Villager (Male) |
| 1:40 | Create | Villager (Male) |
| 1:40 | Create | Villager (Male) |
| 2:00 | Build | Lumber Camp |
| 2:08 | Create | Villager (Male) |
| 2:52 | Create | Villager (Male) |
| 2:52 | Create | Villager (Male) |
| 3:25 | Build | House |
| 3:26 | Build | House |
| 3:27 | Build | House |
| 3:53 | Create | Villager (Male) |
| 3:53 | Create | Villager (Male) |
| 4:28 | Build | Mill |
| 4:40 | Create | Villager (Male) |
| 5:09 | Create | Villager (Male) |
| 5:10 | Create | Villager (Male) |
| 5:16 | Build | Farm |
| 5:48 | Create | Villager (Male) |
| 5:51 | Build | Farm |
| 6:25 | Create | Villager (Male) |
| 6:27 | Create | Villager (Male) |
| 6:29 | Create | Villager (Male) |
| 7:03 | Create | Villager (Male) |
| 7:03 | Create | Villager (Male) |
| 7:26 | Build | Farm |
| 8:00 | Create | Villager (Male) |
| 8:08 | Create | Villager (Male) |
| 8:37 | Build | Mining Camp |
| 8:56 | Research | Feudal Age |
| 8:59 | Research | Loom |
| 9:06 | Research | Feudal Age |
| 9:27 | Build | House |
| 9:28 | Build | House |
| 9:47 | Create | Villager (Male) |
| 9:48 | Create | Villager (Male) |
| 9:48 | Create | Villager (Male) |
| 11:13 | Create | Villager (Male) |
| 11:24 | Build | House |
| 11:34 | Age | Feudal Age |
| 11:37 | Build | Stone Wall |
| 12:15 | Build | Market |
| 12:40 | Build | Blacksmith |
| 12:53 | Build | Stone Wall |
| 12:53 | Build | Stone Wall |
| 13:25 | Research | Castle Age |
| 14:11 | Research | Double-Bit Axe |
| 14:11 | Research | Horse Collar |
| 15:01 | Build | Farm |
| 15:02 | Build | Farm |
| 16:05 | Age | Castle Age |
| 16:06 | Build | Farm |
| 16:07 | Create | Villager (Male) |
| 16:12 | Build | Town Center |
| 16:19 | Build | Siege Workshop |
| 16:36 | Create | Villager (Male) |
| 16:52 | Create | Villager (Male) |
| 16:52 | Create | Villager (Male) |
| 17:00 | Research | Bow Saw |
| 17:01 | Create | Villager (Male) |
| 17:44 | Create | Villager (Male) |
| 17:53 | Build | Stone Wall |
| 17:55 | Build | Stone Wall |
| 17:58 | Build | Stone Wall |
| 18:00 | Build | Stone Wall |
| 18:13 | Build | Stone Wall |
| 18:19 | Create | Villager (Male) |
| 18:31 | Create | Villager (Male) |
| 18:31 | Create | Villager (Male) |
| 18:31 | Create | Villager (Male) |
| 18:32 | Create | Villager (Male) |
| 18:33 | Build | Farm |
| 18:33 | Build | Farm |
| 18:34 | Build | Farm |
| 18:34 | Build | Farm |
| 18:41 | Create | Villager (Male) |
| 18:46 | Build | Stone Wall |
| 18:48 | Build | Stone Wall |
| 18:53 | Create | Villager (Male) |
| 18:57 | Build | Farm |
| 19:02 | Build | Stone Wall |
| 19:14 | Build | Town Center |
| 19:16 | Create | Villager (Male) |
| 19:20 | Build | Farm |
| 19:29 | Create | Villager (Male) |
| 19:45 | Create | Villager (Male) |
| 19:48 | Build | House |
| 19:59 | Build | Stone Wall |
| 20:12 | Create | Villager (Male) |
| 20:18 | Create | Villager (Male) |
| 20:25 | Build | Farm |
| 20:26 | Create | Villager (Male) |
| 20:38 | Create | Villager (Male) |
| 20:40 | Build | Farm |
| 20:41 | Create | Villager (Male) |
| 20:48 | Build | Farm |
| 20:50 | Build | Farm |
| 20:56 | Create | Villager (Male) |
| 21:04 | Build | House |
| 21:05 | Build | House |
| 21:07 | Create | Villager (Male) |
| 21:09 | Build | Farm |
| 21:11 | Build | Farm |
| 21:18 | Build | Outpost |
| 21:20 | Create | Iron Pagoda |
| 21:32 | Create | Villager (Male) |
| 21:36 | Build | Farm |
| 21:37 | Build | Farm |
| 21:38 | Create | Villager (Male) |
| 21:42 | Create | Villager (Male) |
| 21:57 | Research | Town Watch |
| 22:06 | Build | Gate |
| 22:20 | Create | Villager (Male) |
| 22:21 | Create | Villager (Male) |
| 22:24 | Build | House |
| 22:25 | Build | House |
| 22:27 | Build | Gate |
| 22:32 | Create | Villager (Male) |
| 22:33 | Create | Villager (Male) |
| 22:36 | Build | Farm |
| 22:38 | Build | Farm |
| 22:41 | Build | Farm |
| 22:42 | Create | Villager (Male) |
| 22:47 | Create | Villager (Male) |
| 22:48 | Create | Villager (Male) |
| 22:51 | Build | Farm |
| 22:51 | Build | Farm |
| 22:51 | Build | Farm |
| 22:51 | Build | Farm |
| 22:54 | Create | Villager (Male) |
| 23:02 | Create | Villager (Male) |
| 23:02 | Create | Villager (Male) |
| 23:05 | Build | Outpost |
| 23:06 | Build | Outpost |
| 23:10 | Create | Villager (Male) |
| 23:20 | Create | Villager (Male) |
| 23:23 | Build | Farm |
| 23:24 | Build | Farm |
| 23:24 | Build | Farm |
| 23:24 | Build | Farm |
| 23:24 | Build | Farm |
| 23:25 | Build | Farm |
| 23:26 | Create | Villager (Male) |
| 23:38 | Research | Heavy Plow |
| 23:42 | Build | Farm |
| 23:42 | Build | Farm |
Build order — GdR_Scranton Strangler
First 150 of 519 actions detected
| 0:00 | Create | Villager (Male) |
| 0:01 | Create | Villager (Male) |
| 0:01 | Create | Villager (Male) |
| 0:02 | Build | House |
| 0:03 | Build | House |
| 0:10 | Create | Villager (Male) |
| 0:10 | Create | Villager (Male) |
| 1:30 | Create | Villager (Male) |
| 1:30 | Create | Villager (Male) |
| 1:48 | Build | Lumber Camp |
| 1:52 | Create | Villager (Male) |
| 1:52 | Create | Villager (Male) |
| 2:26 | Create | Villager (Male) |
| 2:26 | Create | Villager (Male) |
| 2:48 | Create | Villager (Male) |
| 2:49 | Create | Villager (Male) |
| 3:08 | Create | Villager (Male) |
| 3:08 | Create | Villager (Male) |
| 3:38 | Create | Villager (Male) |
| 3:49 | Build | House |
| 3:50 | Build | House |
| 3:55 | Create | Villager (Male) |
| 3:55 | Create | Villager (Male) |
| 4:17 | Build | House |
| 4:31 | Create | Villager (Male) |
| 4:31 | Create | Villager (Male) |
| 4:32 | Create | Villager (Male) |
| 5:02 | Create | Villager (Male) |
| 5:02 | Create | Villager (Male) |
| 5:12 | Build | Mill |
| 5:34 | Create | Villager (Male) |
| 5:34 | Create | Villager (Male) |
| 6:12 | Create | Villager (Male) |
| 6:34 | Create | Villager (Male) |
| 6:51 | Build | Lumber Camp |
| 6:56 | Create | Villager (Male) |
| 7:28 | Create | Villager (Male) |
| 7:38 | Create | Villager (Male) |
| 8:00 | Create | Villager (Male) |
| 8:01 | Create | Villager (Male) |
| 8:09 | Build | Farm |
| 8:11 | Build | Farm |
| 8:32 | Research | Feudal Age |
| 8:32 | Research | Feudal Age |
| 8:52 | Build | Mining Camp |
| 9:28 | Create | Villager (Male) |
| 9:28 | Create | Villager (Male) |
| 10:13 | Build | Farm |
| 11:21 | Age | Feudal Age |
| 11:22 | Build | Market |
| 11:25 | Build | Blacksmith |
| 11:52 | Build | House |
| 12:12 | Research | Castle Age |
| 12:12 | Research | Castle Age |
| 12:23 | Research | Double-Bit Axe |
| 12:33 | Research | Horse Collar |
| 12:36 | Build | House |
| 12:56 | Create | Villager (Male) |
| 12:56 | Create | Villager (Male) |
| 13:25 | Create | Villager (Male) |
| 14:52 | Age | Castle Age |
| 14:55 | Build | Town Center |
| 14:56 | Build | Town Center |
| 14:59 | Research | Bow Saw |
| 15:00 | Research | Heavy Plow |
| 15:11 | Build | Farm |
| 15:18 | Create | Villager (Male) |
| 15:29 | Build | Farm |
| 15:38 | Build | Farm |
| 15:40 | Build | Farm |
| 15:43 | Build | Farm |
| 15:45 | Build | Farm |
| 15:53 | Build | Farm |
| 16:00 | Create | Villager (Male) |
| 16:15 | Create | Villager (Male) |
| 16:17 | Build | Farm |
| 16:21 | Create | Villager (Male) |
| 16:21 | Create | Villager (Male) |
| 16:25 | Build | Farm |
| 16:30 | Build | Farm |
| 16:34 | Create | Villager (Male) |
| 16:35 | Create | Villager (Male) |
| 16:38 | Build | House |
| 16:40 | Build | House |
| 16:42 | Create | Villager (Male) |
| 16:42 | Create | Villager (Male) |
| 16:47 | Build | Farm |
| 16:54 | Create | Villager (Male) |
| 16:54 | Create | Villager (Male) |
| 17:00 | Build | Farm |
| 17:11 | Create | Villager (Male) |
| 17:11 | Create | Villager (Male) |
| 17:11 | Create | Villager (Male) |
| 17:11 | Create | Villager (Male) |
| 17:16 | Build | Farm |
| 17:19 | Create | Villager (Male) |
| 17:19 | Create | Villager (Male) |
| 17:20 | Create | Villager (Male) |
| 17:38 | Create | Villager (Male) |
| 17:41 | Create | Villager (Male) |
| 17:42 | Create | Villager (Male) |
| 17:46 | Build | Farm |
| 17:48 | Build | House |
| 17:49 | Create | Villager (Male) |
| 17:49 | Create | Villager (Male) |
| 18:05 | Build | Farm |
| 18:06 | Create | Villager (Male) |
| 18:26 | Create | Villager (Male) |
| 18:31 | Create | Villager (Male) |
| 18:34 | Build | Farm |
| 18:39 | Build | House |
| 18:42 | Create | Villager (Male) |
| 18:45 | Build | Farm |
| 18:45 | Build | Farm |
| 18:48 | Create | Villager (Male) |
| 18:49 | Create | Villager (Male) |
| 18:57 | Build | Farm |
| 18:58 | Create | Villager (Male) |
| 19:01 | Build | Farm |
| 19:08 | Build | House |
| 19:19 | Create | Villager (Male) |
| 19:19 | Create | Villager (Male) |
| 19:32 | Create | Villager (Male) |
| 19:36 | Create | Villager (Male) |
| 19:38 | Build | House |
| 19:40 | Create | Villager (Male) |
| 19:48 | Build | Farm |
| 19:48 | Create | Villager (Male) |
| 19:49 | Create | Villager (Male) |
| 19:50 | Build | Farm |
| 19:51 | Build | Farm |
| 19:52 | Build | Farm |
| 19:56 | Build | Farm |
| 19:58 | Research | Loom |
| 19:58 | Research | Loom |
| 20:04 | Build | Farm |
| 20:05 | Create | Villager (Male) |
| 20:05 | Create | Villager (Male) |
| 20:18 | Create | Villager (Male) |
| 20:20 | Build | House |
| 20:26 | Build | Mill |
| 20:27 | Build | Farm |
| 20:27 | Build | Farm |
| 20:27 | Build | Farm |
| 20:31 | Create | Villager (Male) |
| 20:38 | Research | Wheelbarrow |
| 20:44 | Build | House |
| 20:46 | Build | House |
| 20:58 | Research | Town Watch |
| 21:07 | Create | Villager (Male) |
Build order — TRMA | The_Beatleman
First 150 of 518 actions detected
| 0:01 | Create | Villager (Male) |
| 0:01 | Create | Villager (Male) |
| 0:01 | Create | Villager (Male) |
| 0:02 | Create | Villager (Male) |
| 0:02 | Create | Villager (Male) |
| 0:02 | Create | Villager (Male) |
| 0:03 | Build | House |
| 0:04 | Build | House |
| 1:15 | Create | Villager (Male) |
| 1:41 | Create | Villager (Male) |
| 1:46 | Build | Settlement |
| 2:15 | Create | Villager (Male) |
| 2:45 | Create | Villager (Male) |
| 2:45 | Create | Villager (Male) |
| 2:54 | Create | Villager (Male) |
| 3:39 | Create | Villager (Male) |
| 3:39 | Create | Villager (Male) |
| 4:10 | Create | Villager (Male) |
| 4:24 | Build | Settlement |
| 4:25 | Create | Villager (Male) |
| 4:44 | Build | House |
| 4:56 | Create | Villager (Male) |
| 5:00 | Create | Villager (Male) |
| 5:42 | Create | Villager (Male) |
| 5:53 | Create | Villager (Male) |
| 6:02 | Create | Villager (Male) |
| 6:19 | Build | Farm |
| 7:00 | Create | Villager (Male) |
| 7:30 | Research | Feudal Age |
| 9:12 | Create | Villager (Male) |
| 9:12 | Create | Villager (Male) |
| 9:41 | Age | Feudal Age |
| 9:43 | Build | Market |
| 9:45 | Build | Blacksmith |
| 9:49 | Build | Blacksmith |
| 10:33 | Research | Castle Age |
| 10:33 | Research | Castle Age |
| 10:40 | Research | Double-Bit Axe |
| 11:27 | Build | House |
| 11:28 | Build | House |
| 11:33 | Research | Horse Collar |
| 11:57 | Build | Farm |
| 11:59 | Build | Farm |
| 12:09 | Create | Villager (Male) |
| 12:28 | Create | Villager (Male) |
| 12:35 | Build | Farm |
| 13:13 | Age | Castle Age |
| 13:14 | Build | Town Center |
| 13:14 | Create | Villager (Male) |
| 13:21 | Build | Town Center |
| 13:36 | Create | Villager (Male) |
| 13:48 | Create | Villager (Male) |
| 13:52 | Research | Bow Saw |
| 14:00 | Build | Farm |
| 14:04 | Create | Villager (Male) |
| 14:10 | Create | Villager (Male) |
| 14:19 | Create | Villager (Male) |
| 14:23 | Build | Farm |
| 14:23 | Create | Villager (Male) |
| 14:23 | Create | Villager (Male) |
| 14:24 | Create | Villager (Male) |
| 14:25 | Build | Farm |
| 14:30 | Create | Villager (Male) |
| 14:32 | Build | Farm |
| 14:42 | Create | Villager (Male) |
| 14:49 | Build | Farm |
| 14:53 | Create | Villager (Male) |
| 14:55 | Create | Villager (Male) |
| 14:57 | Build | Farm |
| 14:58 | Create | Villager (Male) |
| 15:02 | Create | Villager (Male) |
| 15:02 | Create | Villager (Male) |
| 15:13 | Build | Farm |
| 15:14 | Create | Villager (Male) |
| 15:17 | Create | Villager (Male) |
| 15:17 | Create | Villager (Male) |
| 15:23 | Create | Villager (Male) |
| 15:28 | Build | Farm |
| 15:37 | Build | Farm |
| 15:43 | Create | Villager (Male) |
| 15:51 | Create | Villager (Male) |
| 15:53 | Build | Farm |
| 16:11 | Build | Farm |
| 16:12 | Create | Villager (Male) |
| 16:12 | Create | Villager (Male) |
| 16:18 | Build | Farm |
| 16:19 | Create | Villager (Male) |
| 16:27 | Build | Farm |
| 16:42 | Build | Farm |
| 16:42 | Create | Villager (Male) |
| 16:43 | Create | Villager (Male) |
| 16:44 | Create | Villager (Male) |
| 16:52 | Create | Villager (Male) |
| 16:54 | Build | Farm |
| 16:56 | Build | House |
| 16:57 | Build | House |
| 16:57 | Build | House |
| 17:10 | Research | Town Watch |
| 17:13 | Create | Villager (Male) |
| 17:17 | Create | Villager (Male) |
| 17:17 | Create | Villager (Male) |
| 17:23 | Build | Farm |
| 17:32 | Create | Villager (Male) |
| 17:37 | Build | Farm |
| 17:40 | Build | Farm |
| 17:40 | Create | Villager (Male) |
| 17:50 | Create | Villager (Male) |
| 17:51 | Create | Villager (Male) |
| 18:10 | Create | Villager (Male) |
| 18:12 | Create | Villager (Male) |
| 18:13 | Create | Villager (Male) |
| 18:16 | Build | Farm |
| 18:18 | Create | Villager (Male) |
| 18:33 | Build | Farm |
| 18:34 | Build | Farm |
| 18:35 | Build | Farm |
| 18:38 | Build | Farm |
| 18:39 | Build | Farm |
| 18:41 | Build | Farm |
| 18:45 | Build | Farm |
| 18:45 | Create | Villager (Male) |
| 18:45 | Create | Villager (Male) |
| 18:47 | Create | Villager (Male) |
| 18:47 | Create | Villager (Male) |
| 18:54 | Build | Farm |
| 19:05 | Build | Farm |
| 19:07 | Create | Villager (Male) |
| 19:11 | Research | Wheelbarrow |
| 19:12 | Create | Villager (Male) |
| 19:17 | Build | House |
| 19:18 | Build | House |
| 19:19 | Build | House |
| 19:20 | Build | House |
| 19:21 | Create | Villager (Male) |
| 19:24 | Create | Villager (Male) |
| 19:26 | Build | House |
| 19:36 | Research | Bow Saw |
| 19:41 | Create | Villager (Male) |
| 19:41 | Create | Villager (Male) |
| 19:45 | Create | Villager (Male) |
| 19:49 | Build | Farm |
| 19:54 | Build | House |
| 19:54 | Create | Villager (Male) |
| 20:05 | Build | Farm |
| 20:07 | Create | Villager (Male) |
| 20:10 | Build | Farm |
| 20:13 | Build | Farm |
| 20:14 | Create | Villager (Male) |
| 20:18 | Create | Villager (Male) |
| 20:21 | Create | Villager (Male) |
Build order — GdR_HAMSTER
First 150 of 602 actions detected
| 0:00 | Create | Villager (Male) |
| 0:01 | Create | Villager (Male) |
| 0:01 | Create | Villager (Male) |
| 0:01 | Create | Villager (Male) |
| 0:03 | Build | House |
| 0:04 | Build | House |
| 0:17 | Build | House |
| 1:31 | Create | Villager (Male) |
| 1:56 | Create | Villager (Male) |
| 2:25 | Create | Villager (Male) |
| 2:38 | Create | Villager (Male) |
| 2:47 | Create | Villager (Male) |
| 3:34 | Create | Villager (Male) |
| 3:34 | Create | Villager (Male) |
| 3:34 | Create | Villager (Male) |
| 4:17 | Create | Villager (Male) |
| 4:18 | Create | Villager (Male) |
| 4:18 | Create | Villager (Male) |
| 4:37 | Build | Lumber Camp |
| 4:48 | Build | Mill |
| 4:55 | Create | Villager (Male) |
| 5:03 | Create | Villager (Male) |
| 6:28 | Research | Feudal Age |
| 6:52 | Build | Mining Camp |
| 7:38 | Create | Villager (Male) |
| 7:59 | Build | House |
| 8:23 | Research | Loom |
| 8:24 | Create | Villager (Male) |
| 8:30 | Research | Loom |
| 8:51 | Age | Feudal Age |
| 8:52 | Build | Watch Tower |
| 8:55 | Create | Villager (Male) |
| 9:01 | Create | Villager (Male) |
| 9:03 | Research | Double-Bit Axe |
| 9:04 | Research | Loom |
| 9:39 | Research | Horse Collar |
| 9:39 | Research | Horse Collar |
| 9:43 | Build | House |
| 10:12 | Create | Villager (Male) |
| 10:30 | Create | Villager (Male) |
| 10:36 | Create | Villager (Male) |
| 10:42 | Build | Farm |
| 11:09 | Create | Villager (Male) |
| 11:26 | Create | Villager (Male) |
| 11:31 | Build | House |
| 12:01 | Create | Villager (Male) |
| 12:33 | Build | Farm |
| 12:34 | Build | Farm |
| 12:43 | Create | Villager (Male) |
| 12:45 | Build | Blacksmith |
| 12:51 | Build | Farm |
| 13:01 | Build | Palisade Wall |
| 13:10 | Create | Villager (Male) |
| 13:28 | Create | Villager (Male) |
| 13:38 | Build | Market |
| 13:51 | Build | Outpost |
| 13:57 | Build | House |
| 14:12 | Build | Outpost |
| 14:13 | Build | Outpost |
| 14:21 | Build | Outpost |
| 14:23 | Create | Villager (Male) |
| 14:24 | Create | Villager (Male) |
| 14:48 | Build | House |
| 14:51 | Create | Villager (Male) |
| 15:07 | Research | Castle Age |
| 15:24 | Create | Villager (Male) |
| 15:43 | Build | Outpost |
| 16:32 | Research | Wheelbarrow |
| 16:48 | Build | Outpost |
| 16:53 | Build | Farm |
| 16:54 | Build | Farm |
| 16:56 | Build | Farm |
| 17:16 | Build | Outpost |
| 17:21 | Research | Town Watch |
| 17:21 | Research | Wheelbarrow |
| 17:53 | Create | Villager (Male) |
| 17:53 | Age | Castle Age |
| 17:56 | Build | Town Center |
| 17:59 | Build | Town Center |
| 18:03 | Build | Town Center |
| 18:04 | Research | Bow Saw |
| 18:04 | Research | Bow Saw |
| 18:11 | Research | Heavy Plow |
| 18:27 | Create | Villager (Male) |
| 18:54 | Create | Villager (Male) |
| 18:58 | Build | Farm |
| 19:07 | Create | Villager (Male) |
| 19:07 | Create | Villager (Male) |
| 19:07 | Create | Villager (Male) |
| 19:11 | Build | Mill |
| 19:15 | Create | Villager (Male) |
| 19:16 | Create | Villager (Male) |
| 19:16 | Create | Villager (Male) |
| 19:18 | Create | Villager (Male) |
| 19:18 | Create | Villager (Male) |
| 19:31 | Create | Villager (Male) |
| 19:40 | Create | Villager (Male) |
| 19:45 | Build | Farm |
| 19:45 | Build | Farm |
| 19:45 | Build | Farm |
| 19:45 | Build | Farm |
| 19:46 | Build | Farm |
| 19:49 | Create | Villager (Male) |
| 19:56 | Build | Mill |
| 20:04 | Build | House |
| 20:04 | Create | Villager (Male) |
| 20:07 | Build | Farm |
| 20:11 | Create | Villager (Male) |
| 20:13 | Build | Farm |
| 20:15 | Build | Farm |
| 20:16 | Build | Farm |
| 20:26 | Create | Villager (Male) |
| 20:26 | Create | Villager (Male) |
| 20:27 | Create | Villager (Male) |
| 20:27 | Create | Villager (Male) |
| 20:29 | Build | Farm |
| 20:30 | Build | Farm |
| 20:31 | Create | Villager (Male) |
| 20:33 | Build | Farm |
| 20:36 | Build | Farm |
| 20:38 | Create | Villager (Male) |
| 20:41 | Build | House |
| 20:41 | Create | Villager (Male) |
| 20:41 | Create | Villager (Male) |
| 20:46 | Create | Villager (Male) |
| 20:46 | Create | Villager (Male) |
| 20:46 | Create | Villager (Male) |
| 20:55 | Build | Farm |
| 20:57 | Build | Farm |
| 20:58 | Create | Villager (Male) |
| 20:58 | Create | Villager (Male) |
| 20:59 | Create | Villager (Male) |
| 21:06 | Build | Mill |
| 21:12 | Create | Villager (Male) |
| 21:13 | Create | Villager (Male) |
| 21:13 | Create | Villager (Male) |
| 21:14 | Create | Villager (Male) |
| 21:19 | Create | Villager (Male) |
| 21:20 | Create | Villager (Male) |
| 21:24 | Build | Barracks |
| 21:31 | Build | House |
| 21:32 | Create | Villager (Male) |
| 21:32 | Create | Villager (Male) |
| 21:32 | Create | Villager (Male) |
| 21:37 | Create | Villager (Male) |
| 21:40 | Build | Farm |
| 21:42 | Build | Farm |
| 21:44 | Build | Farm |
| 21:45 | Build | Farm |
| 21:48 | Build | Farm |
Build order — Don_Maximiliano
First 150 of 466 actions detected
| 0:01 | Create | Villager (Male) ×4 |
| 0:02 | Build | House |
| 0:03 | Build | House |
| 1:06 | Create | Villager (Male) |
| 1:34 | Create | Villager (Male) |
| 1:58 | Create | Villager (Male) |
| 2:09 | Build | Lumber Camp |
| 2:30 | Create | Villager (Male) |
| 2:31 | Create | Villager (Male) |
| 3:10 | Create | Villager (Male) |
| 3:59 | Build | Outpost |
| 4:04 | Build | House |
| 4:05 | Build | House |
| 4:06 | Create | Villager (Male) |
| 4:30 | Create | Villager (Male) ×4 |
| 4:53 | Build | Mill |
| 5:08 | Create | Villager (Male) |
| 5:53 | Build | Farm |
| 6:40 | Create | Villager (Male) |
| 6:56 | Build | Mining Camp |
| 7:09 | Research | Feudal Age |
| 7:40 | Create | Villager (Male) |
| 8:36 | Create | Villager (Male) |
| 9:19 | Age | Feudal Age |
| 9:28 | Build | Market |
| 9:34 | Build | Blacksmith |
| 10:25 | Research | Castle Age |
| 10:39 | Build | House |
| 11:13 | Research | Double-Bit Axe |
| 11:57 | Create | Villager (Male) |
| 13:05 | Age | Castle Age |
| 13:07 | Build | Town Center |
| 13:09 | Build | Town Center |
| 13:14 | Research | Bow Saw |
| 13:15 | Create | Villager (Male) |
| 13:18 | Build | Farm |
| 13:19 | Build | Farm |
| 13:25 | Build | Farm |
| 13:35 | Build | House |
| 13:35 | Build | House |
| 13:42 | Research | Horse Collar |
| 14:07 | Build | Farm |
| 14:09 | Create | Villager (Male) |
| 14:15 | Create | Villager (Male) |
| 14:19 | Build | House |
| 14:26 | Create | Villager (Male) |
| 14:28 | Create | Villager (Male) |
| 14:34 | Build | Farm |
| 14:41 | Create | Villager (Male) |
| 14:42 | Build | Farm |
| 14:47 | Build | House |
| 15:00 | Build | Farm |
| 15:02 | Create | Villager (Male) |
| 15:18 | Build | Farm |
| 15:27 | Create | Villager (Male) |
| 15:31 | Build | Farm |
| 15:31 | Build | Farm |
| 15:37 | Create | Villager (Male) |
| 15:42 | Build | Farm |
| 15:45 | Build | Farm |
| 15:49 | Build | Farm |
| 15:55 | Create | Villager (Male) |
| 15:57 | Build | Farm |
| 16:07 | Build | Farm |
| 16:08 | Create | Villager (Male) |
| 16:20 | Build | Farm |
| 16:23 | Create | Villager (Male) |
| 16:27 | Build | Farm |
| 16:35 | Create | Villager (Male) |
| 16:39 | Build | Farm |
| 16:40 | Create | Villager (Male) |
| 16:45 | Build | House |
| 16:46 | Build | House |
| 16:50 | Create | Villager (Male) |
| 16:52 | Build | Farm |
| 16:58 | Create | Villager (Male) |
| 17:08 | Build | Farm |
| 17:09 | Create | Villager (Male) |
| 17:15 | Build | Farm |
| 17:16 | Create | Villager (Male) |
| 17:27 | Create | Villager (Male) |
| 17:36 | Create | Villager (Male) ×2 |
| 17:52 | Build | Farm |
| 17:52 | Build | Farm |
| 17:54 | Build | Farm |
| 18:00 | Build | Farm |
| 18:00 | Build | Farm |
| 18:00 | Build | Farm |
| 18:00 | Build | Farm |
| 18:02 | Create | Villager (Male) ×3 |
| 18:19 | Build | Farm |
| 18:19 | Build | Farm |
| 18:20 | Create | Villager (Male) ×2 |
| 18:27 | Build | House |
| 18:28 | Build | House |
| 18:29 | Create | Villager (Male) |
| 18:38 | Build | Farm |
| 18:42 | Build | Farm |
| 18:42 | Build | Farm |
| 18:46 | Create | Villager (Male) |
| 18:47 | Create | Villager (Male) |
| 18:56 | Create | Villager (Male) |
| 18:58 | Build | House |
| 19:00 | Build | House |
| 19:02 | Create | Villager (Male) |
| 19:06 | Research | Wheelbarrow |
| 19:11 | Build | Farm |
| 19:12 | Create | Villager (Male) |
| 19:16 | Create | Villager (Male) |
| 19:24 | Create | Villager (Male) |
| 19:28 | Build | House |
| 19:29 | Build | House |
| 19:33 | Create | Villager (Male) |
| 19:36 | Build | Farm |
| 19:37 | Build | Farm |
| 19:40 | Build | Farm |
| 19:41 | Build | Farm |
| 19:42 | Create | Villager (Male) |
| 19:47 | Build | House |
| 19:48 | Build | House |
| 19:51 | Create | Villager (Male) |
| 20:09 | Create | Villager (Male) |
| 20:14 | Build | House |
| 20:22 | Create | Villager (Male) |
| 20:28 | Build | House |
| 20:29 | Build | House |
| 20:35 | Create | Villager (Male) |
| 20:39 | Research | Hand Cart |
| 20:40 | Research | Town Watch |
| 20:42 | Research | Loom |
| 20:53 | Build | House |
| 20:57 | Create | Villager (Male) |
| 21:04 | Create | Villager (Male) |
| 21:08 | Build | House |
| 21:11 | Build | Stone Wall |
| 21:16 | Build | Gate |
| 21:20 | Build | Gate |
| 21:27 | Create | Villager (Male) |
| 21:29 | Build | Farm |
| 21:30 | Create | Villager (Male) |
| 21:31 | Build | Farm |
| 21:33 | Research | Gold Mining |
| 21:34 | Create | Villager (Male) |
| 21:40 | Create | Villager (Male) |
| 21:51 | Create | Villager (Male) |
| 22:02 | Build | Lumber Camp |
| 22:04 | Create | Villager (Male) |
| 22:06 | Build | Farm |
| 22:06 | Build | Farm |
| 22:07 | Create | Villager (Male) |
Build order — GdR_Polemos
First 150 of 512 actions detected
| 0:00 | Create | Villager (Male) ×4 |
| 0:00 | Create | Villager (Male) ×4 |
| 0:02 | Build | House |
| 0:03 | Build | House |
| 1:26 | Create | Villager (Male) |
| 1:26 | Create | Villager (Male) |
| 1:46 | Build | Lumber Camp |
| 1:50 | Create | Villager (Male) |
| 1:50 | Create | Villager (Male) |
| 2:20 | Create | Villager (Male) ×2 |
| 2:20 | Create | Villager (Male) ×2 |
| 2:42 | Create | Villager (Male) |
| 2:42 | Create | Villager (Male) |
| 3:34 | Create | Villager (Male) ×2 |
| 3:34 | Create | Villager (Male) ×2 |
| 3:48 | Build | House |
| 3:49 | Build | House |
| 3:52 | Build | House |
| 4:18 | Build | Mill |
| 4:18 | Create | Villager (Male) ×2 |
| 4:18 | Create | Villager (Male) ×2 |
| 5:12 | Create | Villager (Male) |
| 5:13 | Create | Villager (Male) |
| 5:18 | Create | Villager (Male) |
| 5:18 | Create | Villager (Male) |
| 6:04 | Create | Villager (Male) |
| 6:27 | Build | Farm |
| 6:30 | Build | Farm |
| 6:32 | Build | Farm |
| 6:44 | Build | Lumber Camp |
| 6:46 | Create | Villager (Male) |
| 6:48 | Create | Villager (Male) |
| 7:04 | Create | Villager (Male) |
| 7:40 | Build | Farm |
| 7:51 | Create | Villager (Male) |
| 8:17 | Create | Villager (Male) |
| 8:18 | Create | Villager (Male) |
| 8:18 | Create | Villager (Male) |
| 8:24 | Build | Mining Camp |
| 9:05 | Research | Feudal Age |
| 9:14 | Build | Mining Camp |
| 10:04 | Create | Villager (Male) |
| 10:04 | Create | Villager (Male) |
| 11:45 | Age | Feudal Age |
| 11:47 | Build | Market |
| 11:49 | Build | Blacksmith |
| 12:16 | Research | Double-Bit Axe |
| 12:30 | Research | Horse Collar |
| 12:30 | Research | Horse Collar |
| 12:34 | Research | Castle Age |
| 12:51 | Build | House |
| 12:55 | Build | House |
| 13:49 | Create | Villager (Male) |
| 14:17 | Research | Gold Mining |
| 14:18 | Research | Stone Mining |
| 14:18 | Research | Stone Mining |
| 15:16 | Age | Castle Age |
| 15:22 | Build | Castle |
| 15:30 | Build | Farm |
| 15:31 | Research | Bow Saw |
| 15:32 | Create | Villager (Male) |
| 15:34 | Build | Farm |
| 15:39 | Build | Farm |
| 15:43 | Build | Farm |
| 15:45 | Build | Farm |
| 15:47 | Create | Villager (Male) |
| 15:53 | Build | Farm |
| 16:00 | Build | Farm |
| 16:06 | Create | Villager (Male) |
| 16:27 | Build | Farm |
| 16:33 | Research | Heavy Plow |
| 16:38 | Create | Conquistador |
| 16:38 | Create | Conquistador |
| 16:46 | Build | Farm |
| 16:47 | Build | Farm |
| 16:50 | Create | Villager (Male) |
| 17:16 | Build | Farm |
| 17:17 | Build | Farm |
| 17:19 | Create | Conquistador |
| 17:27 | Create | Villager (Male) |
| 17:43 | Create | Villager (Male) |
| 17:45 | Create | Conquistador |
| 17:45 | Create | Conquistador |
| 17:47 | Build | Farm |
| 17:51 | Build | Farm |
| 17:53 | Build | Farm |
| 17:54 | Build | Farm |
| 17:59 | Build | Farm |
| 18:06 | Create | Villager (Male) |
| 18:10 | Build | Farm |
| 18:18 | Create | Conquistador |
| 18:18 | Create | Conquistador |
| 18:21 | Build | Farm |
| 18:26 | Build | Farm |
| 18:37 | Create | Conquistador |
| 18:38 | Create | Conquistador |
| 18:41 | Create | Villager (Male) |
| 18:54 | Create | Villager (Male) |
| 18:56 | Build | Town Center |
| 18:59 | Create | Conquistador |
| 19:16 | Create | Petard |
| 19:16 | Create | Petard |
| 19:22 | Create | Villager (Male) |
| 19:24 | Build | Farm |
| 19:25 | Build | Farm |
| 19:27 | Build | Farm |
| 19:29 | Build | Farm |
| 19:50 | Create | Villager (Male) |
| 19:55 | Create | Villager (Male) |
| 20:02 | Create | Villager (Male) |
| 20:12 | Research | Heavy Plow |
| 20:12 | Research | Heavy Plow |
| 20:19 | Create | Villager (Male) |
| 20:19 | Create | Villager (Male) |
| 20:36 | Create | Villager (Male) |
| 20:43 | Create | Villager (Male) |
| 20:48 | Build | Town Center |
| 20:57 | Create | Villager (Male) |
| 20:59 | Create | Conquistador |
| 21:00 | Create | Conquistador |
| 21:05 | Create | Villager (Male) |
| 21:13 | Create | Villager (Male) |
| 21:15 | Create | Villager (Male) |
| 21:26 | Build | Farm |
| 21:27 | Build | Farm |
| 21:33 | Create | Conquistador |
| 21:43 | Create | Conquistador |
| 21:43 | Create | Villager (Male) |
| 21:46 | Build | Farm |
| 21:46 | Build | Farm |
| 21:46 | Build | Farm |
| 21:46 | Build | Farm |
| 21:47 | Build | Farm |
| 21:59 | Create | Villager (Male) |
| 22:05 | Create | Villager (Male) |
| 22:09 | Build | Farm |
| 22:09 | Build | Farm |
| 22:09 | Build | Farm |
| 22:10 | Build | Farm |
| 22:10 | Build | Farm |
| 22:12 | Create | Villager (Male) |
| 22:12 | Create | Villager (Male) ×2 |
| 22:34 | Create | Villager (Male) |
| 22:34 | Create | Villager (Male) |
| 22:42 | Create | Villager (Male) ×2 |
| 22:42 | Create | Villager (Male) ×2 |
| 22:45 | Create | Villager (Male) |
| 22:52 | Create | Villager (Male) |
| 22:52 | Create | Villager (Male) |
| 22:59 | Create | Villager (Male) |
Match timeline
| 8:51 | GdR_HAMSTER · age_up feudal |
| 9:19 | Don_Maximiliano · age_up feudal |
| 9:41 | TRMA | The_Beatleman · age_up feudal |
| 10:05 | GdR_Matteo · age_up feudal |
| 11:20 | Wintorez_v3.0.2 · age_up feudal |
| 11:21 | GdR_Scranton Strangler · age_up feudal |
| 11:34 | Jack=Насаживатель · age_up feudal |
| 11:37 | Jack=Насаживатель · wall_segment Stone Wall x4 |
| 11:45 | GdR_Polemos · age_up feudal |
| 12:53 | Jack=Насаживатель · wall_segment Stone Wall x1 |
| 12:53 | Jack=Насаживатель · wall_segment Stone Wall x1 |
| 13:01 | GdR_HAMSTER · wall_segment Palisade Wall x1 |
| 13:05 | Don_Maximiliano · age_up castle |
| 13:13 | TRMA | The_Beatleman · age_up castle |
| 13:44 | GdR_Matteo · age_up castle |
| 14:03 | GdR_Matteo · first_market_buy 100 wood |
| 14:52 | GdR_Scranton Strangler · age_up castle |
| 14:53 | GdR_HAMSTER · first_market_sell 100 stone |
| 14:54 | Wintorez_v3.0.2 · age_up castle |
| 14:59 | Wintorez_v3.0.2 · first_market_buy 100 stone |
| 15:16 | GdR_Polemos · age_up castle |
| 15:22 | GdR_Polemos · first_building Castle |
| 16:05 | Jack=Насаживатель · age_up castle |
| 16:19 | Jack=Насаживатель · first_building Siege Workshop |
| 17:10 | GdR_Scranton Strangler · first_market_buy 100 food |
| 17:53 | Jack=Насаживатель · wall_segment Stone Wall x1 |
| 17:53 | GdR_HAMSTER · age_up castle |
| 17:55 | Jack=Насаживатель · wall_segment Stone Wall x1 |
| 17:58 | Jack=Насаживатель · wall_segment Stone Wall x1 |
| 18:00 | Jack=Насаживатель · wall_segment Stone Wall x1 |
| 18:13 | Jack=Насаживатель · wall_segment Stone Wall x1 |
| 18:23 | GdR_Matteo · first_building Monastery |
| 18:34 | GdR_Polemos · first_market_buy 100 food |
| 18:39 | Jack=Насаживатель · first_market_buy 100 stone |
| 18:46 | Jack=Насаживатель · wall_segment Stone Wall x1 |
| 18:48 | Jack=Насаживатель · wall_segment Stone Wall x1 |
| 19:02 | Jack=Насаживатель · wall_segment Stone Wall x1 |
| 19:17 | GdR_HAMSTER · first_market_buy 100 food |
| 19:59 | Jack=Насаживатель · wall_segment Stone Wall x1 |
| 21:10 | Wintorez_v3.0.2 · first_building Monastery |
| 21:11 | Don_Maximiliano · wall_segment Stone Wall x7 |
| 21:24 | GdR_HAMSTER · first_building Barracks |
| 21:38 | TRMA | The_Beatleman · first_market_buy 100 stone |
| 21:49 | TRMA | The_Beatleman · first_building Castle |
| 21:58 | Wintorez_v3.0.2 · first_building Siege Workshop |
| 22:28 | GdR_HAMSTER · first_building Siege Workshop |
| 22:42 | GdR_Scranton Strangler · first_building Monastery |
| 23:18 | Don_Maximiliano · first_market_sell 100 food |
| 23:21 | Don_Maximiliano · first_building Monastery |
| 23:25 | Wintorez_v3.0.2 · first_building Barracks |
| 23:31 | GdR_Matteo · first_building Siege Workshop |
| 23:54 | Don_Maximiliano · first_building Barracks |
| 23:58 | Jack=Насаживатель · wall_segment Stone Wall x1 |
| 23:59 | Jack=Насаживатель · wall_segment Stone Wall x1 |
| 23:59 | GdR_HAMSTER · first_building Stable |
| 24:30 | GdR_Scranton Strangler · first_building Siege Workshop |
| 25:24 | Don_Maximiliano · first_building Castle |
| 25:25 | GdR_Matteo · first_building Castle |
| 25:35 | TRMA | The_Beatleman · first_market_sell 100 wood |
| 25:50 | Don_Maximiliano · wall_segment Stone Wall x14 |
| 25:51 | Don_Maximiliano · wall_segment Stone Wall x1 |
| 25:54 | GdR_HAMSTER · first_building Castle |
| 25:55 | Don_Maximiliano · wall_segment Stone Wall x3 |
| 26:01 | GdR_Scranton Strangler · first_building Barracks |
| 26:03 | GdR_Matteo · first_market_sell 500 wood |
| 26:07 | Don_Maximiliano · first_building Siege Workshop |
| 26:09 | GdR_Polemos · first_building Barracks |
| 26:14 | Don_Maximiliano · wall_segment Stone Wall x2 |
| 26:16 | Don_Maximiliano · wall_segment Stone Wall x9 |
| 26:34 | Don_Maximiliano · first_building Archery Range |
| 26:40 | GdR_Scranton Strangler · age_up imperial |
| 26:40 | GdR_Matteo · first_building Barracks |
| 26:53 | GdR_Scranton Strangler · first_building Archery Range |
| 27:04 | GdR_Polemos · first_building Stable |
| 27:08 | Don_Maximiliano · first_market_buy 100 wood |
| 27:15 | Don_Maximiliano · age_up imperial |
| 27:34 | GdR_Matteo · age_up imperial |
| 27:39 | Jack=Насаживатель · first_market_sell 100 food |
| 27:46 | Don_Maximiliano · wall_segment Stone Wall x1 |
| 27:50 | Wintorez_v3.0.2 · age_up imperial |
| 28:04 | GdR_Scranton Strangler · first_market_sell 100 stone |
| 28:04 | Wintorez_v3.0.2 · first_building Castle |
| 28:14 | Wintorez_v3.0.2 · first_building Archery Range |
| 28:19 | Jack=Насаживатель · first_building Barracks |
| 28:19 | GdR_HAMSTER · wall_segment Stone Wall x4 |
| 28:21 | GdR_HAMSTER · wall_segment Stone Wall x1 |
| 28:46 | TRMA | The_Beatleman · age_up imperial |
| 29:18 | Jack=Насаживатель · first_building Stable |
| 29:23 | Don_Maximiliano · wall_segment Stone Wall x8 |
| 29:24 | Don_Maximiliano · wall_segment Stone Wall x1 |
| 29:29 | Don_Maximiliano · wall_segment Stone Wall x6 |
| 29:36 | Don_Maximiliano · wall_segment Stone Wall x5 |
| 29:38 | Don_Maximiliano · wall_segment Stone Wall x5 |
| 29:40 | Don_Maximiliano · wall_segment Stone Wall x7 |
| 29:41 | GdR_HAMSTER · wall_segment Stone Wall x8 |
| 29:42 | Don_Maximiliano · wall_segment Stone Wall x9 |
| 29:43 | Don_Maximiliano · wall_segment Stone Wall x4 |
| 29:43 | GdR_HAMSTER · wall_segment Stone Wall x6 |
| 29:44 | GdR_HAMSTER · age_up imperial |
| 29:44 | Don_Maximiliano · wall_segment Stone Wall x2 |
| 29:46 | Don_Maximiliano · wall_segment Stone Wall x6 |
| 30:16 | GdR_Polemos · first_market_sell 100 wood |
| 30:20 | Don_Maximiliano · wall_segment Stone Wall x2 |
| 30:23 | Don_Maximiliano · wall_segment Stone Wall x1 |
| 30:25 | Don_Maximiliano · wall_segment Stone Wall x1 |
| 30:29 | Don_Maximiliano · wall_segment Stone Wall x4 |
| 30:30 | Don_Maximiliano · wall_segment Stone Wall x4 |
| 30:32 | Don_Maximiliano · wall_segment Stone Wall x4 |
| 30:45 | Don_Maximiliano · wall_segment Stone Wall x2 |
| 30:46 | Don_Maximiliano · wall_segment Stone Wall x2 |
| 30:47 | Don_Maximiliano · wall_segment Stone Wall x2 |
| 30:49 | Don_Maximiliano · wall_segment Stone Wall x1 |
| 30:53 | Don_Maximiliano · wall_segment Stone Wall x4 |
| 30:54 | Don_Maximiliano · wall_segment Stone Wall x5 |
| 30:54 | Jack=Насаживатель · age_up imperial |
| 30:57 | Don_Maximiliano · wall_segment Stone Wall x1 |
| 30:59 | TRMA | The_Beatleman · first_building Barracks |
| 31:00 | Don_Maximiliano · wall_segment Stone Wall x2 |
| 31:02 | Don_Maximiliano · wall_segment Stone Wall x2 |
| 31:41 | TRMA | The_Beatleman · first_building Archery Range |
| 32:13 | GdR_Scranton Strangler · first_building Castle |
| 33:29 | Don_Maximiliano · wall_segment Stone Wall x9 |
| 33:31 | GdR_Polemos · age_up imperial |
| 33:38 | TRMA | The_Beatleman · wall_segment Stone Wall x9 |
| 33:44 | Jack=Насаживатель · tribute_sent a jugador 1 |
| 33:44 | Jack=Насаживатель · tribute_sent a jugador 3 |
| 33:44 | Jack=Насаживатель · tribute_sent a jugador 4 |
| 33:44 | Jack=Насаживатель · tribute_sent a jugador 5 |
| 33:44 | Jack=Насаживатель · tribute_sent a jugador 6 |
| 33:44 | Jack=Насаживатель · tribute_sent a jugador 7 |
| 33:44 | Jack=Насаживатель · tribute_sent a jugador 8 |
| 33:48 | Don_Maximiliano · wall_segment Stone Wall x5 |
| 33:50 | Don_Maximiliano · wall_segment Stone Wall x1 |
| 33:54 | Don_Maximiliano · wall_segment Stone Wall x8 |
| 33:57 | Jack=Насаживатель · first_building Castle |
| 34:03 | TRMA | The_Beatleman · tribute_sent a jugador 1 |
| 34:03 | TRMA | The_Beatleman · tribute_sent a jugador 2 |
| 34:03 | TRMA | The_Beatleman · tribute_sent a jugador 3 |
| 34:03 | TRMA | The_Beatleman · tribute_sent a jugador 5 |
| 34:03 | TRMA | The_Beatleman · tribute_sent a jugador 6 |
| 34:03 | TRMA | The_Beatleman · tribute_sent a jugador 7 |
| 34:03 | TRMA | The_Beatleman · tribute_sent a jugador 8 |
| 35:34 | Don_Maximiliano · wall_segment Stone Wall x7 |
| 35:39 | Don_Maximiliano · wall_segment Stone Wall x5 |
| 35:48 | Don_Maximiliano · wall_segment Stone Wall x3 |
| 35:50 | Don_Maximiliano · wall_segment Stone Wall x1 |
| 36:03 | Don_Maximiliano · wall_segment Stone Wall x1 |
| 36:09 | Don_Maximiliano · wall_segment Stone Wall x1 |
| 36:59 | Don_Maximiliano · wall_segment Stone Wall x2 |
| 37:06 | Don_Maximiliano · wall_segment Stone Wall x5 |
| 37:11 | Don_Maximiliano · wall_segment Stone Wall x7 |
| 37:14 | Don_Maximiliano · wall_segment Stone Wall x5 |
| 37:33 | GdR_Matteo · first_building Stable |
| 37:46 | Don_Maximiliano · wall_segment Stone Wall x2 |
| 38:00 | Don_Maximiliano · wall_segment Stone Wall x1 |
| 38:05 | Don_Maximiliano · wall_segment Stone Wall x1 |
| 38:38 | TRMA | The_Beatleman · wall_segment Stone Wall x1 |
| 38:38 | TRMA | The_Beatleman · wall_segment Stone Wall x1 |
| 38:40 | Don_Maximiliano · wall_segment Stone Wall x1 |
| 38:40 | TRMA | The_Beatleman · wall_segment Stone Wall x1 |
| 40:03 | Don_Maximiliano · wall_segment Stone Wall x10 |
| 41:51 | GdR_Scranton Strangler · first_building Stable |
| 42:00 | Don_Maximiliano · wall_segment Stone Wall x2 |
| 43:10 | Don_Maximiliano · wall_segment Stone Wall x1 |
| 43:17 | TRMA | The_Beatleman · tribute_sent a jugador 1 |
| 43:17 | TRMA | The_Beatleman · tribute_sent a jugador 2 |
| 43:17 | TRMA | The_Beatleman · tribute_sent a jugador 3 |
| 43:17 | TRMA | The_Beatleman · tribute_sent a jugador 5 |
| 43:17 | TRMA | The_Beatleman · tribute_sent a jugador 6 |
| 43:17 | TRMA | The_Beatleman · tribute_sent a jugador 7 |
| 43:17 | TRMA | The_Beatleman · tribute_sent a jugador 8 |
| 43:20 | GdR_HAMSTER · resign |
[ AI ANALYSIS · 1 CREDIT ]
What really happened in this match?
Wolo.gg analyzes every decision: build order, eco, micro, common mistakes by bracket. Personalized analysis on WhatsApp or Discord in 30 seconds.
Civ guide
Bohemians
Perfil
Jugador #2566812